 Dungeon Crawl Stone Soup version 0.16-a0-223-g37887f7 (webtiles) character file.

20400 PolkaDot the Slicer (level 12, -9/89 HPs)
             Began as a Vampire Gladiator on Aug 19, 2014.
             Mangled by a seven-headed hydra (12 damage)
             ... on Level 4 of the Lair of Beasts.
             The game lasted 01:27:14 (13262 turns).

PolkaDot the Slicer (Vampire Gladiator)            Turns: 13262, Time: 01:27:14

HP  -9/89        AC 12     Str 14      XL: 12   Next: 45%
MP  19/19        EV 16     Int 10      God:
Gold 673         SH  0     Dex 18      Spells:  1 memorised,  5 levels left

rFire  + . .     SeeInvis +     G - +1 lajatang (flame)
rCold  . . .     Clarity  .     b - +1 leather armour {rF+}
rNeg   + . .     rCorr    .     (no shield)
rPois  .         rRot     .     c - +0 helmet
rElec  .         Spirit   .     y - +0 cloak
SustAb .         Warding  .     k - +2 pair of gloves
rMut   .         Stasis   .     n - +1 pair of boots "Tekkats" {MR+}
Gourm  .                        B - amulet of rage
MR     ++...                    t - ring of teleport control
                                m - ring of positive energy

@: very slightly contaminated, regenerating very quickly, very resistant to
hostile enchantments, very stealthy
A: bottle blood, fangs 3, see invisible, unbreathing
a: Bottle Blood, Evoke Berserk Rage, Evoke Teleport Control


You were on level 4 of the Lair of Beasts.
You were almost alive.

You visited 3 branches of the dungeon, and saw 13 of its levels.
You also visited: Sewer and Volcano.

You collected 673 gold pieces.

Inventory:

Hand weapons
 a - a +2 cutlass
 D - a +2 scimitar of freezing
 G - a +1 lajatang of flaming (weapon)
Missiles
 g - 8 javelins (quivered)
Armour
 b - a +1 leather armour of fire resistance (worn)
 c - a +0 helmet (worn)
 k - a +2 pair of gloves (worn)
 n - the +1 pair of boots "Tekkats" (worn) {MR+}
   (You found it on level 1 of the Dungeon)

   It affects your resistance to hostile enchantments.
 y - a +0 cloak (worn)
Magical devices
 s - a wand of invisibility (0)
 u - a wand of invisibility (1)
 v - a wand of lightning (0)
 K - a wand of magic darts (8)
Scrolls
 d - a scroll of random uselessness {unknown}
 h - a scroll of silence {unknown}
 i - 2 scrolls of immolation
 j - a scroll of teleportation
 l - a scroll of amnesia
 r - 2 scrolls of magic mapping
 x - a scroll of acquirement {unknown}
 z - a scroll of holy word {unknown}
 A - 2 scrolls of fog
 E - a scroll of fear {unknown}
 F - 3 scrolls of remove curse
 H - 4 scrolls of noise
 I - a scroll of vulnerability {unknown}
Jewellery
 m - a ring of positive energy (left hand)
 t - a ring of teleport control (right hand)
 w - an uncursed amulet of faith
 B - an amulet of rage (around neck)
Potions
 e - a potion of restore abilities
 f - 3 potions of brilliance
 q - 9 potions of blood {@w2}
 C - a potion of flight
 J - a potion of haste {unknown}


   Skills:
 - Level 6.8 Fighting
 - Level 13.1 Short Blades
 - Level 1.2(8.0) Long Blades
 * Level 8.3 Staves
 - Level 1.5 Throwing
 - Level 4.6 Armour
 + Level 6.7 Dodging
 - Level 11.2 Stealth
 + Level 3.2 Charms
 - Level 4.0 Evocations


You had 5 spell levels left.
You knew the following spells:

 Your Spells              Type           Power        Failure   Level  Hunger
h - Haste                 Chrm           #.......     100%        6    #######


Dungeon Overview and Level Annotations

Branches:
Dungeon (8/15)             Temple (1/1) D:7            Lair (4/8) D:8
  Swamp: Lair:3-6    Shoals: Lair:3-6     Snake: Lair:3-6    Spider: Lair:3-6

Altars:
Ashenzari
Cheibriados
Dithmenos
Elyvilon
Fedhas
Gozag
Kikubaaqudgha
Nemelex Xobeh
Okawaru
Qazlal
Trog
Vehumet
Xom
Yredelemnul
Zin
The Shining One

Shops:
D:6 *

Annotations:
Lair:4 Fannar


Innate Abilities, Weirdness & Mutations

Your natural rate of healing is extremely fast.
You can bottle blood from corpses.
You have razor-sharp teeth.
You have supernaturally acute eyesight.
You can survive without breathing.


Message History

The seven-headed hydra is moderately wounded.
The seven-headed hydra bites you!
* * * LOW HITPOINT WARNING * * *
The seven-headed hydra misses you. The seven-headed hydra bites you!
* * * LOW HITPOINT WARNING * * *
The seven-headed hydra closely misses you.
The seven-headed hydra bites you.
* * * LOW HITPOINT WARNING * * *
The seven-headed hydra misses you.
The seven-headed hydra bites you but does no damage.
You barely miss the seven-headed hydra.
The seven-headed hydra is moderately wounded.
The seven-headed hydra misses you. The seven-headed hydra bites you!
* * * LOW HITPOINT WARNING * * *
The seven-headed hydra bites you!
* * * LOW HITPOINT WARNING * * *
The seven-headed hydra bites you.
* * * LOW HITPOINT WARNING * * *
The seven-headed hydra bites you!
You die...

### #####.............
#.P#######.###...#........#
#...P##P........##.......#.
.##....P#.........###.....###
......?....###.#....#.....#.#
.#..##....#...#..##......###
#.......#.#.......#..#
#.....#.###....P##.#.#
#.....#.@DY..######...
#./...#.##...P# ...
##......#.....# ##<.
###...##...### .....#....##
##.........# ##....#..P###
####.#....%##.#P#..
##..............


You could see a seven-headed hydra and a yak.

Vanquished Creatures
  A centaur warrior (Volcano)
  A death yak (Lair:4)
  4 elephants
  A queen ant (Lair:3)
  A torpor snail (Lair:3)
  2 molten gargoyles (Volcano)
  5 spiny frogs (Lair:1)
  A komodo dragon (Lair:1)
  2 yaktaurs (Volcano)
  Prince Ribbit (D:6)
  7 blink frogs
  27 yaks
  2 wyverns (Lair:4)
  The ghost of TAS2012 the Sneak, an average OpAs (D:4)
  A hippogriff (Lair:2)
  3 porcupines
  A sky beast (D:5)
  7 water moccasins
  20 soldier ants
  An orc warrior (D:7)
  An ice beast (D:7)
  2 phantoms
  6 centaurs
  2 black bears
  An ogre (D:6)
  A necrophage (D:8)
  4 crocodiles
  Duvessa (D:8)
  A big kobold (D:8)
  7 giant frogs
  A scorpion (D:4)
  2 jellies (D:6)
  3 killer bees (D:7)
  A hippogriff skeleton (D:6)
  17 wights
  3 goliath beetles
  Dowan (D:8)
  6 hounds
  7 crimson imps
  5 orc priests
  6 orc wizards
  11 iguanas
  21 worker ants
  Ijyb (D:6)
  2 sheep (D:8)
  3 gnolls (D:7)
  14 green rats (Lair:2)
  20 adders
  A shadow imp (D:6)
  13 giant mites (Sewer)
  A goblin zombie (D:6)
  An orc skeleton (D:4)
  14 oozes
  19 orcs
  7 goblins
  12 hobgoblins
  6 quokkas
  A ball python (Sewer)
  11 bats
  12 giant cockroaches
  16 giant geckos
  A giant gecko zombie (D:6)
  10 giant newts
  2 gnoll zombies (D:4)
  8 jackals
  A jackal skeleton (D:4)
  A jackal zombie (D:8)
  21 kobolds
  8 rats
  2 ballistomycetes
407 creatures vanquished.

Vanquished Creatures (others)
  A giant gecko (D:7)
  2 giant spores
3 creatures vanquished.

Grand Total: 410 creatures vanquished

Notes
Turn   | Place    | Note
--------------------------------------------------------------
     0 | D:1      | PolkaDot, the Vampire Gladiator, began the quest for the Orb.
     0 | D:1      | Reached XP level 1. HP: 16/16 MP: 1/1
   255 | D:1      | Reached skill level 1 in Stealth
   255 | D:1      | Reached XP level 2. HP: 13/22 MP: 2/2
   344 | D:1      | Got a pair of ichor-stained boots
   382 | D:1      | Identified the +1 pair of boots "Tekkats" {MR+} (You found it on level 1 of the Dungeon)
  1279 | D:2      | Reached skill level 4 in Short Blades
  1829 | D:3      | Found a white marble altar of Elyvilon.
  1860 | D:3      | Reached XP level 3. HP: 27/27 MP: 3/3
  2178 | D:3      | Reached skill level 1 in Armour
  2210 | D:3      | Reached XP level 4. HP: 29/33 MP: 4/4
  2407 | D:4      | Found a bloodstained altar of Trog.
  2479 | D:4      | Reached skill level 5 in Short Blades
  2479 | D:4      | Reached XP level 5. HP: 35/38 MP: 5/5
  2503 | D:4      | Noticed TAS2012's ghost (average OpAs)
  2536 | D:4      | Killed TAS2012's ghost
  2536 | D:4      | Reached XP level 6. HP: 33/44 MP: 6/6
  2769 | D:4      | Reached skill level 6 in Short Blades
  2789 | D:4      | Found a glowing drain.
  2860 | Sewer    | Entered a sewer
  3178 | Sewer    | Reached skill level 5 in Stealth
  3230 | Sewer    | Reached XP level 7. HP: 41/49 MP: 7/7
  3355 | Sewer    | Reached skill level 7 in Short Blades
  3473 | D:4      | Noticed a phantom
  3541 | D:4      | Killed a phantom
  3660 | D:4      | Found a basalt altar of Yredelemnul.
  3708 | D:5      | Entered Level 5 of the Dungeon
  3991 | D:5      | Reached skill level 8 in Short Blades
  3991 | D:5      | Reached XP level 8. HP: 25/55 MP: 8/8
  4274 | D:5      | Found an ancient bone altar of Kikubaaqudgha.
  4576 | D:6      | Noticed Ijyb
  4610 | D:6      | Killed Ijyb
  4610 | D:6      | Reached skill level 9 in Short Blades
  4650 | D:6      | Found a shadowy altar of Dithmenos.
  5077 | D:6      | Reached XP level 9. HP: 38/61 MP: 9/9
  5234 | D:6      | Found Esokhl Huwu's Serpentskin Sales.
  5262 | D:6      | Noticed Prince Ribbit
  5316 | D:6      | Killed Prince Ribbit
  5316 | D:6      | Reached skill level 10 in Short Blades
  5951 | D:7      | Found a stormy altar of Qazlal.
  6087 | D:7      | Reached skill level 1 in Long Blades
  6087 | D:7      | Reached skill level 5 in Dodging
  6298 | D:7      | Reached skill level 11 in Short Blades
  6362 | D:7      | Found a staircase to the Ecumenical Temple.
  6438 | Temple   | Entered the Ecumenical Temple
  6516 | D:8      | Found a radiant altar of Vehumet.
  6630 | D:8      | Noticed Duvessa
  6633 | D:8      | Noticed Dowan
  6664 | D:8      | Killed Duvessa
  6718 | D:8      | Reached XP level 10. HP: 27/73 MP: 10/10
  6781 | D:8      | Found a staircase to the Lair.
  6787 | D:8      | Noticed an elephant
  6809 | D:8      | Killed an elephant
  6827 | D:8      | Killed Dowan
  7039 | D:8      | Found a shimmering altar of Xom.
  7039 | D:8      | Found a shimmering altar of Xom.
  7040 | D:8      | Found a shimmering altar of Xom.
  7040 | D:8      | Found a shimmering altar of Xom.
  7040 | D:8      | Noticed an octopode
  7085 | D:8      | HP: 3/73 [wight/scimitar of freezing (5)]
  7108 | D:8      | an octopode changed into a raiju
  7144 | D:8      | Reached skill level 12 in Short Blades
  7177 | D:8      | Noticed a salamander
  7177 | D:8      | Found a shimmering altar of Xom.
  7178 | D:8      | Found a shimmering altar of Xom.
  7467 | D:8      | Noticed a moth of wrath
  7483 | Lair:1   | Entered Level 1 of the Lair of Beasts
  7489 | Lair:1   | Reached skill level 10 in Stealth
  7496 | Lair:1   | Reached skill level 5 in Fighting
  7534 | Lair:1   | Found a dark tunnel.
  7589 | Volcano  | Entered a volcano
  7637 | Volcano  | Found a bloodstained altar of Trog.
  7637 | Volcano  | Noticed a centaur warrior
  7650 | Volcano  | Killed a centaur warrior
  7754 | Volcano  | Reached skill level 13 in Short Blades
  7972 | Lair:1   | Reached XP level 11. HP: 60/81 MP: 11/11
  7980 | Lair:1   | Reached skill level 1 in Staves
  9414 | Lair:2   | Learned a level 6 spell: Haste
  9698 | Lair:2   | Got a warped leather armour
  9709 | Lair:2   | Identified the +2 leather armour of Analysis {rN+ Dex+1} (You found it on level 2 of the Lair of Beasts)
  9867 | Lair:2   | Reached skill level 1 in Evocations
 10045 | Lair:2   | HP: 3/124 [blink frog (11)]
 10073 | Lair:2   | Reached skill level 5 in Staves
 11412 | Lair:3   | HP: 4/83 [blink frog (6)]
 11670 | Lair:3   | Reached XP level 12. HP: 85/89 MP: 19/19
 12233 | Lair:3   | Reached skill level 1 in Charms
 12625 | Lair:4   | Noticed Fannar
 12658 | Lair:4   | HP: 4/89 [Fannar/staff of cold (8)]
 13214 | Lair:4   | Noticed an eight-headed hydra
 13262 | Lair:4   | HP: 3/89 [seven-headed hydra (2)]
 13262 | Lair:4   | Mangled by a seven-headed hydra

Action                   |  1- 3 |  4- 6 |  7- 9 | 10-12 || total
-------------------------+-------+-------+-------+-------++-------
Melee: Cutlass           |   113 |   329 |   777 |   422 ||  1641
       Scimitar          |       |       |    44 |       ||    44
       Lajatang          |       |       |       |   533 ||   533
Throw: Throwing net      |       |     2 |    19 |     7 ||    28
 Abil: Bottle Blood      |       |    10 |    42 |    39 ||    91
       Evoke Berserk Rag |       |       |       |     7 ||     7
Evoke: Wand              |     2 |       |       |    14 ||    16
  Use: Potion            |     1 |     7 |    25 |    56 ||    89
       Scroll            |       |    10 |    12 |     8 ||    30
 Stab: Sleeping          |     1 |     3 |    16 |    37 ||    57
       Distracted        |     1 |       |       |     1 ||     2
       Held in net/web   |       |       |     3 |     8 ||    11
       Invisible         |       |       |       |    31 ||    31
  Eat: Corpse            |    13 |     8 |       |       ||    21
